 Dungeon Crawl Stone Soup version 0.26-a0-638-gcca6ad1b57 (webtiles) character file.

Game seed: 10478454146905215715

444 DogServant the Skirmisher (level 7, 0/58 HPs)
             Began as a Formicid Fighter on Sept 14, 2020.
             Slain by Eustachio
             ... wielding a +2 rapier of flaming
              (1 damage)
             ... on level 4 of the Dungeon.
             The game lasted 00:04:43 (2930 turns).

DogServant the Skirmisher (Formicid Fighter)        Turns: 2930, Time: 00:04:43

Health: 0/58       AC:  9    Str: 22      XL:     7   Next: 23%
Magic:  7/7        EV:  6    Int:  8      God:
Gold:   106        SH:  9    Dex:  9 (10) Spells: 6/6 levels left

rFire    . . .     SeeInvis +   a - +0 flail
rCold    . . .     Faith    .   c - +0 kite shield
rNeg     . . .     Spirit   .   s - +0 chain mail
rPois    .         Reflect  .   (helmet unavailable)
rElec    .         Harm     .   (no cloak)
rCorr    .         Rampage  .   (no gloves)
MR       .....                  (no boots)
Stlth    ..........             (no amulet)
HPRegen  0.19/turn              (no ring)
MPRegen  0.10/turn              (no ring)

@: no status effects
A: permanent stasis, dig shafts and tunnels, four strong arms, antennae 3
a: Dig, Shaft Self


You were on level 4 of the Dungeon.
You visited 1 branch of the dungeon, and saw 4 of its levels.

You collected 106 gold pieces.

Inventory:

Hand Weapons
 a - a +0 flail (weapon)
 d - a +0 flail of holy wrath
Armour
 c - a +0 kite shield (worn)
 s - a +0 chain mail (worn)
Wands
 o - a wand of random effects (15)
Scrolls
 e - 2 scrolls of enchant weapon {unknown}
 i - 2 scrolls of identify {unknown}
 j - 2 scrolls of remove curse {unknown}
 k - 3 scrolls of teleportation {unknown}
 l - 2 scrolls of amnesia {unknown}
 n - a scroll of enchant armour {unknown}
 r - 2 scrolls of fear {unknown}
Potions
 f - a potion of flight {unknown}
 g - a potion of degeneration {unknown}
 h - a potion of curing {unknown}
 m - a potion of heal wounds {unknown}
 p - a potion of ambrosia {unknown}
 q - a potion of lignification {unknown}
 t - a potion of might


   Skills:
 + Level 6.1 Fighting
 + Level 5.0 Maces & Flails
 - Level 3.8 Armour
 - Level 4.0 Shields


You had 6 spell levels left.
You didn't know any spells.
Your spell library was empty.

Dungeon Overview and Level Annotations

Branches:
Dungeon (4/15)
 Temple: D:4-7

Altars:
Qazlal
Vehumet
Wu Jian

Annotations:
D:4 Eustachio


Innate Abilities, Weirdness & Mutations

You cannot be hasted, slowed, berserked, paralysed or teleported.
You can dig through walls and to a lower floor.
Your four strong arms can wield two-handed weapons with a shield.
You have a pair of large antennae on your head. (SInv)


Message History

You closely miss Eustachio.
Eustachio is almost dead.
You block the quokka's attack.
Eustachio hits you with a +2 rapier of flaming.
Eustachio burns you.
The river rat bites you but does no damage.
The quokka bites you but does no damage.
You hit Eustachio but do no damage.
Eustachio is almost dead.
You block Eustachio's attack. The river rat bites you.
* * * LOW HITPOINT WARNING * * *
The quokka bites you.
* * * LOW HITPOINT WARNING * * *
The river rat bites you.
* * * LOW HITPOINT WARNING * * *
It was a potion of cancellation.
You feel magically purged.
Eustachio hits you with a +2 rapier of flaming.
* * * LOW HITPOINT WARNING * * *
Eustachio burns you.
You die...

...........
$......
.#...#.##.##
#######....####
.#...#.##..
............[."
.....#.##.##
#{.....#
##.#.#.##.#
#...#.##
##<#......# #...#
# .[.[.###..#####
#...# # (....#
#......####5..#.#
##.#.#
#.)r@@W....#
..[#...
#.#####r....##
####.### #.#
#.ยง.[....... #.#
##.###.#.....####
#.#
##...##.#.....#
#.#
##.#.#.#.#######
#.# #........#
#.####.#.#.###
#.........##


You could see Eustachio, a phantom, a river rat (summoned), a white imp
(summoned) and a quokka (summoned).

Vanquished Creatures
  Edmund (D:4)
  An ogre (D:4)
  An orc wizard (D:3)
  2 worker ants (D:4)
  7 adders
  4 oozes
  3 worms
  A dart slug (D:1)
  A leopard gecko (D:2)
  8 orcs
  6 giant cockroaches
  6 goblins
  6 hobgoblins
  2 jackals (D:4)
  7 kobolds
  2 quokkas
  2 ball pythons
  3 bats
  2 frilled lizards (D:1)
  5 rats
70 creatures vanquished.

Notes
Turn   | Place    | Note
-------+----------+-------------------------------------------
     0 | D:1      | DogServant the Formicid Fighter began the quest for the
                  | Orb.
     0 | D:1      | Reached XP level 1. HP: 18/18 MP: 1/1
    61 | D:1      | Reached XP level 2. HP: 13/24 MP: 2/2
   499 | D:1      | Reached XP level 3. HP: 24/29 MP: 3/3
   841 | D:2      | Reached XP level 4. HP: 34/37 MP: 4/4
   876 | D:2      | Found an ornate altar of the Wu Jian Council.
   889 | D:2      | Found a radiant altar of Vehumet.
   974 | D:2      | Reached skill level 4 in Fighting
  1012 | D:2      | Found a stormy altar of Qazlal.
  1619 | D:3      | Reached XP level 5. HP: 36/43 MP: 5/5
  2459 | D:4      | Noticed Edmund
  2469 | D:4      | Killed Edmund
  2469 | D:4      | Reached skill level 5 in Fighting
  2469 | D:4      | Reached XP level 6. HP: 34/51 MP: 6/6
  2874 | D:4      | Noticed an ogre
  2877 | D:4      | Noticed a phantom
  2877 | D:4      | Noticed Eustachio
  2894 | D:4      | Killed an ogre
  2894 | D:4      | Reached skill level 6 in Fighting
  2894 | D:4      | Reached skill level 5 in Maces & Flails
  2894 | D:4      | Reached XP level 7. HP: 56/58 MP: 7/7
  2930 | D:4      | HP: 1/58 [Eustachio/+2 rapier of flaming (6)]
  2930 | D:4      | Slain by Eustachio

Illustrated notes

Levels and vault maps discovered:
D:1:      lemuel_arrival_broad_hall, layout_rooms
D:2:      layout_rooms, nicolae_overflow_crystal_walls,
          amethyst_overflow_temple_binary, due_unseen_surprise
D:3:      layout_loops_corners, grunt_ministairs_11
D:4:      layout_loops_ring, uniq_edmund, uniq_eustachio

Skill      XL: |  1  2  3  4  5  6 |
---------------+-------------------+-----
Shields        | 4 |  4.0
Fighting       | 4 5 6 |  6.1
Maces & Flails | 3 4 5 |  5.0
Armour         | |  3.8

Action                   |  1- 3 |  4- 6 |  7- 9 || total
-------------------------+-------+-------+-------++-------
Melee: Flail             |    83 |   198 |    32 ||   313
  Use: Potion            |       |     1 |     1 ||     2
Armor: Scale mail        |    49 |    64 |       ||   113
       Chain mail        |       |    27 |    59 ||    86
Dodge: Dodged            |    32 |    67 |    17 ||   116
Block: Kite shield       |    42 |   129 |    42 ||   213

Table legend: (Time is in decaauts)
 A = Elapsed time spent in this place.
 B = Non-inter-level travel time spent in this place.
 C = Inter-level travel time spent in this place.
 D = Time resting spent in this place.
 E = Time spent auto-exploring this place.
 F = Levels seen in this place.
 G = Mean time per level.
                   A        B        C        D        E       F      G
               +--------+--------+--------+--------+--------+-----+--------+
         Total |   3023 |   2962 |     61 |    125 |   2095 |   4 |  755.8 |
       Dungeon |   3023 |   2962 |     61 |    125 |   2095 |   4 |  755.8 |
               +--------+--------+--------+--------+--------+-----+--------+

Top non-repeatable levels by time:
     D:3: 1223 daAuts
     D:2: 686 daAuts
     D:1: 624 daAuts
     D:4: 489 daAuts
